 Dungeon Crawl Stone Soup version 0.27.1-2-g3b301248ec (webtiles) character file.

Game seed: 14922659481076031485

203063 packetloss the Warrior (level 17, 0/237 HPs)
             Began as a Yellow Draconian Berserker on Sept 26, 2021.
             Was a High Priest of Trog.
             Succumbed to Aizul's poison arrow
             ... on level 1 of the Shoals on Sept 27, 2021.
             The game lasted 02:25:10 (44950 turns).

packetloss the Warrior (DrBe)                      Turns: 44950, Time: 02:25:11

Health: 0/237      AC: 21    Str: 29    XL:     17   Next: 96%
Magic:  1/17       EV: 18    Int: 10    God:    Trog [*****.]
Gold:   1461       SH:  7    Dex: 13    Spells: 16/16 levels left

rFire    . . .     SeeInvis +   a - +8 demon blade
rCold    . . .     Faith    .   Q - +0 buckler {AC+3}
rNeg     + . .     Spirit   +   (armour unavailable)
rPois    +         Reflect  .   e - +2 hat
rElec    +         Harm     .   Z - +2 ratskin cloak {*Rats rPois rN+ Str-1 Int-1 Dex+1}
rCorr    +         Rampage  .   c - +2 pair of gloves {archery}
Will     +++..                  i - +0 pair of boots
Stlth    ..........             W - amulet of guardian spirit
HPRegen  1.49/turn              Y - ring of see invisible
MPRegen  0.15/turn              X - ring "Qastrep" {rElec Str+6 Int+2}

@: berserking (expiring), lethally poisoned (0 -> -4), short of breath,
strong-willed, regenerating, very quick
A: spit acid, AC +9, unfitting armour, acidic bite, cold-blooded, acid
resistance
}: 1/15 runes: gossamer
a: Breathe Acid, Renounce Religion, Berserk, Trog's Hand, Brothers in Arms


You were on level 1 of the Shoals.
You worshipped Trog.
Trog was extremely pleased with you.
You visited 7 branches of the dungeon, and saw 30 of its levels.
You also visited: Ice Cave.

You collected 2718 gold pieces.
You spent 1257 gold pieces at shops.

Inventory:

Hand Weapons
 a - a +8 demon blade (weapon)
 b - a +0 hand crossbow of venom
 o - the +4 long sword of Vyuwkodo {elec, rF+ Int+2}
   (You found it on level 15 of the Dungeon)

   It occasionally discharges a powerful burst of electricity upon striking a
   foe.
   Int:       It affects your intelligence (+2).
   rF:        It protects you from fire.
 t - a +4 antimagic short sword
 G - a +0 quick blade
 M - a +1 rapier of electrocution
 S - a +3 scimitar of flaming
Missiles
 y - 6 atropa-tipped darts (quivered)
 K - 11 curare-tipped darts
 O - 203 bolts
Armour
 c - a +2 pair of gloves of archery (worn)
 e - a +2 hat (worn)
 i - a +0 pair of boots (worn)
 j - a +1 buckler of cold resistance
 Q - a +0 buckler of protection (worn)
 V - a +1 cloak of cold resistance
 Z - the +2 ratskin cloak (worn) {*Rats rPois rN+ Str-1 Int-1 Dex+1}
   (You bought it in a shop on level 2 of the Orcish Mines)

   When the wearer is hurt, rats may emerge from it to assist them.
   Str:       It affects your strength (-1).
   Int:       It affects your intelligence (-1).
   Dex:       It affects your dexterity (+1).
   rPois:     It protects you from poison.
   rN:        It protects you from negative energy.
Jewellery
 p - a ring of fire
 x - a ring of positive energy
 H - a +6 ring of dexterity
 P - an amulet of the acrobat
 W - an amulet of guardian spirit (around neck)
 X - the ring "Qastrep" (right hand) {rElec Str+6 Int+2}
   (You found it in an ice cave)

   [ring of strength]

   Str:       It affects your strength (+6).
   Int:       It affects your intelligence (+2).
   rElec:     It insulates you from electricity.
 Y - a ring of see invisible (left hand)
Wands
 m - a wand of acid (6)
 n - a wand of paralysis (8)
 r - a wand of charming (8)
 D - a wand of iceblast (38)
 L - a wand of mindburst (29)
 T - a wand of flame (97)
Scrolls
 f - 7 scrolls of fear
 h - 5 scrolls of magic mapping
 s - 3 scrolls of blinking
 v - 2 scrolls of fog
 w - a scroll of identify
 B - a scroll of summoning
 E - 2 scrolls of teleportation
 I - a scroll of holy word
Potions
 g - 4 potions of might
 k - 2 potions of haste
 q - 4 potions of flight
 u - 8 potions of ambrosia
 z - 4 potions of berserk rage
 A - 3 potions of resistance
 J - 2 potions of heal wounds
 N - a potion of invisibility
 R - 4 potions of curing
 U - a potion of cancellation
Miscellaneous
 l - a phantom mirror
 C - a condenser vane
 F - a lightning rod (4/4)


   Skills:
 + Level 15.8 Fighting
 - Level 5.3(11.0) Short Blades
 - Level 14.6(14.9) Long Blades
 - Level 10.0 Crossbows
 + Level 13.6 Dodging
 - Level 5.0 Stealth
 + Level 13.3 Shields
 + Level 11.3 Evocations


You had 16 spell levels left.
You didn't know any spells.
Your spell library contained the following spells:

 Spells                   Type           Power      Damage    Failure   Level
 Freezing Cloud           Conj/Ice/Air   0%         6-21      100%        5
 Simulacrum               Ice/Necr       0%         N/A       100%        6
 Polar Vortex             Ice            0%         N/A       100%        9


Dungeon Overview and Level Annotations

Branches:
Dungeon (15/15)            Temple (0/1) D:4            Lair (6/6) D:11
 Shoals (1/4) Lair:4       Spider (4/4) Lair:4        Slime (0/5) Lair:5
    Orc (2/2) D:11            Elf (0/3) Orc:2        Vaults (1/5) D:14
 Depths (1/5) D:15          IceCv (visited)

Altars:
Ashenzari
Cheibriados
Elyvilon
Gozag
Hepliaklqana
Kikubaaqudgha
Makhleb
Nemelex Xobeh
Okawaru
Qazlal
Ru
Trog
Vehumet
Wu Jian
Xom
Yredelemnul
The Shining One
Beogh
Jiyva

Shops:
D:3 [   D:4 :*(   D:8 [   D:15 *   Orc:2 [[((

Annotations:
Orc:1 Erolcha


Innate Abilities, Weirdness & Mutations

You can spit globs of acid.
Your golden yellow scales are hard. (AC +9)
You cannot fit into any form of body armour.
You have acidic saliva.
You are cold-blooded and may be slowed by cold attacks.
You are resistant to acid. (rCorr)


Message History

You feel sick. Aizul casts a spell at you. The poison arrow hits you.
You are more poisoned.
You partially resist.
* * * LOW HITPOINT WARNING * * *
You block the water nymph's attack.
Warning x2: The water nymph can create water, teleport to other water, and Waterstrike you!
Aizul (very poisoned) is very fast and casts Sleep and Poison Arrow!
You take 5 damage, and have 36/237 hp.
You now have 4/17 mp.
You slash Aizul!
You kill Aizul!
Trog accepts your kill.
Trog appreciates your killing of a magic user.
You feel sick.
Spoiler Alert: The water nymph can create water, teleport to other water, and Waterstrike you!
You take 2 damage, and have 34/237 hp.
Your unstable footing causes you to fumble your attack.
You feel sick.
Spoiler Alert: The water nymph can create water, teleport to other water, and Waterstrike you!
You take 1 damage, and have 33/237 hp.
Your unstable footing causes you to fumble your attack.
You feel sick. The water nymph misses you.
Spoiler Alert: The water nymph can create water, teleport to other water, and Waterstrike you!
Your unstable footing causes you to fumble your attack.
You feel sick.
Spoiler Alert: The water nymph can create water, teleport to other water, and Waterstrike you!
You take 2 damage, and have 31/237 hp.
You closely miss the water nymph.
The water nymph is lightly wounded.
You feel sick. The water nymph casts a spell at you.
The water swirls and strikes you!!
* * * LOW HITPOINT WARNING * * *
Spoiler Alert: The water nymph can create water, teleport to other water, and Waterstrike you!
You take 30 damage, and have 1/237 hp.
You now have 1/17 mp.
You are too berserk!
Spoiler Alert: The water nymph can create water, teleport to other water, and Waterstrike you!
Unknown command.
Spoiler Alert: The water nymph can create water, teleport to other water, and Waterstrike you!
You die...

PPP...≈..##......≈≈≈≈≈≈≈
..≈......(...≈≈≈≈≈≈≈≈≈≈≈
..≈.......(.≈≈≈≈≈≈≈≈≈≈≈≈≈≈
>....P.≈(..(.≈≈≈≈≈≈≈≈≈≈≈≈≈
#.PPP≈≈≈.(...≈≈≈≈≈≈≈≈≈≈≈≈
##...P≈≈.....≈≈≈≈≈≈≈≈≈≈≈≈≈
##.....≈((###†m≈≈≈≈≈≈≈≈≈≈≈≈
#.....((## #≈.≈≈≈≈≈≈≈≈≈≈≈≈
####.((### ##@.....≈≈≈≈≈≈≈≈
#....### #.......≈≈≈≈≈≈≈≈≈
##...## #..≈.###..≈≈≈≈≈≈≈
#...## ##.≈≈.# #..≈≈≈≈≈≈≈
##...# #)....###.≈≈≈≈≈≈≈≈
#....# ##.....##..≈≈≈≈≈≈≈≈
#.########
##..###.###.≈≈≈≈≈≈≈≈ .##
##..###†.## ### #.≈≈≈≈≈≈≈≈
.#
##.........#######.)≈≈≈≈≈≈≈


You could see a water nymph.

Vanquished Creatures
  Arachne (Spider:2)
  Rupert (Lair:6)
  Kirke (Lair:5)
  6 ghost moths
  A frost giant (D:15)
  3 emperor scorpions (Spider:4)
  Aizul (Shoals:1)
  The ghost of Kuralita the Martial Artist, a journeyman OpTm of Makhleb (D:15)
  2 ironbound preservers
  3 entropy weavers
  Azrael (D:14)
  5 spark wasps
  A fire dragon (Lair:6)
  Josephine (Orc:1)
  11 hydras
  An ice dragon (IceCv)
  7 boulder beetles
  An ogre mage (D:14)
  A rakshasa (D:14)
  7 centaur warriors
  A catoblepas (D:13)
  A death knight (D:10)
  6 two-headed ogres
  A merfolk aquamancer (Shoals:1)
  8 death yaks
  5 tengu warriors
  An ironbound beastmaster (D:14)
  5 orc high priests (Orc:2)
  7 skeletal warriors
  4 deep trolls (Vaults:1)
  A wizard (D:14)
  A swamp dragon (Lair:6)
  Pikel (D:4)
  3 harpies (Shoals:1)
  An ironbound convoker (Vaults:1)
  3 orc knights
  15 orb spiders
  4 deep elf pyromancers
  31 wolf spiders
  4 manticores
  3 oklob plants (D:11)
  An ugly thing (D:10)
  13 cyclopes
  2 fauns (Shoals:1)
  20 elephants
  2 centaur zombies (D:11)
  2 moths of wrath
  A black mamba (shapeshifter) (D:10)
  8 black mambas
  A merfolk siren (Shoals:1)
  A water nymph (Shoals:1)
  2 ice statues (IceCv)
  A vault sentinel (D:14)
  A gargoyle (D:12)
  10 cane toads
  3 torpor snails
  2 unseen horrors
  10 rime drakes
  3 freezing wraiths (D:15)
  16 demonic crawlers
  4 kobold demonologists
  2 efreet
  15 komodo dragons
  A tengu conjurer (D:15)
  7 yaktaurs
  A queen bee (shapeshifter) (D:13)
  32 jumping spiders
  10 polar bears
  4 trolls
  3 raiju (Lair:6)
  4 slime creatures (D:13)
  11 hornets
  A wind drake (Shoals:1)
  15 blink frogs
  2 dream sheep (Lair:6)
  58 redbacks
  2 wyverns
  A vampire (D:9)
  4 water elementals (Shoals:1)
  59 yaks
  32 tarantellas
  8 wraiths
  2 shadows
  4 hogs
  9 basilisks
  A fire elemental (D:14)
  A human (shapeshifter) (D:14)
  4 steam dragons
  8 vampire mosquitoes
  12 wargs
  Duvessa (D:4)
  12 water moccasins
  2 acid dragons
  A floating eye (D:11)
  17 hell hounds
  A meliai simulacrum (D:11)
  A hornet zombie (D:8)
  2 swamp drakes (Lair:6)
  13 black bears
  14 orc warriors
  2 sky beasts (D:7)
  34 wolves
  2 ice beasts (D:6)
  2 necrophages
  9 ogres
  9 centaurs
  4 kobold brigands
  2 phantoms (D:5)
  17 bullfrogs
  3 scorpions
  Dowan (D:4)
  A water moccasin skeleton (D:5)
  10 killer bees
  A lindwurm simulacrum (IceCv)
  3 wights (D:7)
  10 howler monkeys
  4 electric eels
  A crimson imp (D:8)
  6 komodo dragon simulacra (IceCv)
  A bullfrog zombie (D:5)
  A hound (D:6)
  A centaur skeleton (D:4)
  Crazy Yiuf (D:2)
  2 jellies (D:5)
  32 orc priests
  A gnoll shaman (D:6)
  3 bullfrog skeletons
  7 iguanas
  12 orc wizards
  A killer bee zombie (D:8)
  A hound skeleton (D:5)
  3 howler monkey zombies
  3 gnolls (D:6)
  7 acid dragon simulacra (IceCv)
  7 adders
  3 shadow imps
  7 steam dragon simulacra (IceCv)
  An adder skeleton (D:4)
  2 worms
  A dart slug (D:2)
  105 orcs
  4 endoplasms
  3 giant cockroaches
  5 goblins
  8 hobgoblins
  4 jackals (D:5)
  2 quokkas
  3 ball pythons
  4 bats
  2 frilled lizards
  11 kobolds
  9 rats
  A spectral orc (D:7)
1021 creatures vanquished.

Vanquished Creatures (collateral kills)
  A spark wasp (Spider:3)
  A faun (Shoals:1)
  A torpor snail (Spider:2)
  A jumping spider (Spider:3)
  A tarantella (Spider:4)
  A redback (Spider:4)
  An electric eel (Spider:3)
7 creatures vanquished.

Vanquished Creatures (others)
  2 bushes (D:11)
  36 fungi
  114 plants
152 creatures vanquished.

Grand Total: 1180 creatures vanquished

Notes
Turn   | Place    | Note
-------+----------+-------------------------------------------
     0 | D:1      | packetloss the Draconian Berserker began the quest for the
                  | Orb.
     0 | D:1      | Reached XP level 1. HP: 19/19 MP: 1/1
   406 | D:1      | Reached XP level 2. HP: 26/26 MP: 2/2
  1193 | D:2      | Found a stormy altar of Qazlal.
  1316 | D:2      | Reached skill level 3 in Dodging
  1316 | D:2      | Reached XP level 3. HP: 20/33 MP: 3/3
  1630 | D:2      | Found a faded altar of an unknown god.
  1710 | D:2      | Found a runed translucent door.
  1711 | D:2      | Noticed Crazy Yiuf
  1717 | D:2      | Killed Crazy Yiuf
  1718 | D:2      | Reached skill level 4 in Long Blades
  1982 | D:3      | Found Wogisof's Armour Emporium.
  1989 | D:3      | Reached XP level 4. HP: 38/40 MP: 4/4
  2144 | D:3      | Found a snail-covered altar of Cheibriados.
  2149 | D:3      | Reached skill level 4 in Fighting
  2256 | D:3      | Reached ** piety under Trog
  2257 | D:3      | Reached XP level 5. HP: 41/46 MP: 5/5
  2536 | D:5      | Entered Level 5 of the Dungeon
  2593 | D:4      | Found a stormy altar of Qazlal.
  2610 | D:4      | Reached skill level 1 in Short Blades
  2610 | D:4      | Reached skill level 5 in Long Blades
  2646 | D:4      | Noticed a lemure
  2648 | D:4      | Noticed a lemure
  2648 | D:4      | Noticed a lemure
  2648 | D:4      | Noticed Pikel
  2648 | D:4      | Noticed a lemure
  2672 | D:4      | Reached XP level 6. HP: 53/53 MP: 6/6
  2695 | D:4      | Killed Pikel
  2696 | D:4      | Reached skill level 5 in Fighting
  2696 | D:4      | Reached skill level 2 in Short Blades
  2696 | D:4      | Reached skill level 6 in Long Blades
  2696 | D:4      | Reached skill level 4 in Dodging
  2696 | D:4      | Your scales start taking on a golden yellow colour.
  2696 | D:4      | Reached XP level 7. HP: 44/61 MP: 7/7
  2696 | D:4      | Gained mutation: You are resistant to acid. (rCorr) [Yellow
                  | Draconian growth]
  2869 | D:4      | Noticed a hornet
  2874 | D:4      | Killed a hornet
  2875 | D:4      | Reached skill level 3 in Short Blades
  2976 | D:4      | Found Kyoptealetz's Assorted Antiques.
  3013 | D:4      | Found Buobbane's Book Boutique.
  3026 | D:4      | Noticed Duvessa
  3044 | D:4      | Killed Duvessa
  3045 | D:4      | Reached XP level 8. HP: 69/69 MP: 8/8
  3176 | D:4      | Noticed Dowan
  3184 | D:4      | Killed Dowan
  3296 | D:4      | Found a sacrificial altar of Ru.
  3299 | D:4      | Found an opulent altar of Gozag.
  3300 | D:4      | Found an iron altar of Okawaru.
  3301 | D:4      | Found a sparkling altar of Nemelex Xobeh.
  3329 | D:4      | Found Gosoabe's Antique Weapon Boutique.
  3366 | D:4      | Reached skill level 7 in Long Blades
  3405 | D:4      | Found a glowing golden altar of the Shining One.
  3609 | D:4      | Found a staircase to the Ecumenical Temple.
  3735 | D:5      | Reached skill level 6 in Fighting
  3754 | D:4      | Reached skill level 5 in Dodging
  3754 | D:4      | Reached skill level 1 in Evocations
  3933 | D:5      | Identified the +12 spear "Xujuoc" {drain, Will+}
  4153 | D:5      | Reached skill level 4 in Short Blades
  4153 | D:5      | Reached skill level 2 in Evocations
  4515 | D:5      | Reached skill level 8 in Long Blades
  4621 | D:6      | Reached XP level 9. HP: 77/78 MP: 9/9
  4623 | D:6      | Reached *** piety under Trog
  4716 | D:6      | HP: 18/117 [ice beast (13)]
  5053 | D:6      | Reached skill level 3 in Evocations
  5269 | D:6      | Reached skill level 7 in Fighting
  5477 | D:7      | Found a white marble altar of Elyvilon.
  5681 | D:3      | Bought a +2 pair of gloves of archery for 215 gold pieces
  5852 | D:7      | Reached skill level 5 in Short Blades
  5866 | D:7      | Reached skill level 6 in Dodging
  5870 | D:7      | Reached skill level 9 in Long Blades
  5876 | D:7      | Reached skill level 1 in Crossbows
  6066 | D:7      | Reached skill level 4 in Evocations
  6168 | D:7      | Found a basalt altar of Yredelemnul.
  6291 | D:7      | Reached XP level 10. HP: 82/86 MP: 10/10
  6297 | D:7      | Reached **** piety under Trog
  6685 | D:8      | Found a bloodstained altar of Trog.
  6710 | D:8      | Found a broken altar of Ashenzari.
  6728 | D:8      | Reached skill level 1 in Stealth
  6765 | D:8      | Reached skill level 2 in Crossbows
  6792 | D:8      | Found an ornate altar of the Wu Jian Council.
  7184 | D:8      | Found Ziroy's Armour Emporium.
  7296 | D:8      | Found a burning altar of Makhleb.
  7296 | D:8      | Found a shimmering altar of Xom.
  7345 | D:8      | Found a hazy altar of Hepliaklqana.
  7598 | D:8      | Found a radiant altar of Vehumet.
  7688 | D:9      | Reached skill level 1 in Shields
  7771 | D:9      | Reached skill level 2 in Stealth
  7939 | D:9      | Reached skill level 8 in Fighting
  8066 | D:9      | Reached skill level 2 in Shields
  8085 | D:9      | Reached skill level 5 in Evocations
  8088 | D:9      | Reached skill level 3 in Crossbows
  8140 | D:9      | Reached skill level 3 in Stealth
  8368 | D:9      | Reached skill level 7 in Dodging
  8455 | D:9      | Reached skill level 3 in Shields
  9050 | D:10     | Entered Level 10 of the Dungeon
  9052 | D:10     | Identified the -3 pair of boots "Kiefia" {rCorr Int+6
                  | Stlth+}
  9239 | D:11     | Noticed an oklob plant
  9261 | D:10     | Reached skill level 10 in Long Blades
  9261 | D:10     | Reached XP level 11. HP: 91/95 MP: 11/11
  9305 | D:10     | Noticed a deep elf pyromancer
  9318 | D:10     | HP: 22/95 [centaur/arrow (4)]
  9666 | D:11     | Noticed a skeletal warrior
  9666 | D:11     | Noticed a skeletal warrior
  9666 | D:11     | Noticed a skeletal warrior
  9666 | D:11     | Found a staircase to the Orcish Mines.
  9666 | D:11     | Noticed a skeletal warrior
  9670 | D:10     | Noticed a centaur warrior
  9846 | D:11     | Noticed a six-headed hydra
  9855 | D:11     | Killed a six-headed hydra
  9856 | D:11     | Reached skill level 4 in Crossbows
 10002 | D:11     | Noticed a death knight
 10034 | D:11     | Noticed a soul eater
 10037 | D:11     | Reached skill level 4 in Shields
 10138 | D:11     | Noticed an oklob plant
 10201 | D:10     | Killed a death knight
 10202 | D:10     | Reached skill level 9 in Fighting
 10223 | D:10     | Killed a deep elf pyromancer
 10495 | D:10     | Noticed a centaur warrior
 10495 | D:10     | Noticed a purple ugly thing
 10639 | D:11     | Killed an oklob plant
 10711 | D:11     | Noticed an oklob plant
 10724 | D:11     | Killed an oklob plant
 10839 | D:11     | Killed an oklob plant
 10840 | D:11     | Reached skill level 5 in Crossbows
 11087 | D:4      | Bought a glowing buckler for 172 gold pieces
 11094 | D:4      | Bought a scroll of identify for 46 gold pieces
 11094 | D:4      | Bought a scroll of identify for 46 gold pieces
 11237 | D:11     | Reached skill level 5 in Shields
 11378 | D:11     | Noticed a death yak
 11398 | Orc:1    | Entered Level 1 of the Orcish Mines
 11410 | D:11     | Reached skill level 8 in Dodging
 12149 | Orc:1    | Noticed an orc knight
 12181 | Orc:1    | Killed an orc knight
 12614 | Orc:2    | Entered Level 2 of the Orcish Mines
 12615 | Orc:2    | Noticed Josephine
 12622 | Orc:1    | Reached ***** piety under Trog
 12633 | Orc:1    | Reached XP level 12. HP: 106/106 MP: 12/12
 12652 | Orc:1    | Killed Josephine
 12818 | Orc:2    | Found a staircase to the Elven Halls.
 12840 | Orc:2    | Reached skill level 10 in Fighting
 12850 | Orc:2    | Reached skill level 11 in Long Blades
 13086 | Orc:2    | Reached skill level 6 in Shields
 13197 | Orc:2    | Noticed an orc high priest
 13739 | Orc:2    | Reached skill level 6 in Crossbows
 14043 | Orc:2    | Noticed an orc high priest
 14052 | Orc:2    | Killed an orc high priest
 14078 | Orc:2    | Noticed an orc high priest
 14089 | Orc:2    | Killed an orc high priest
 14347 | Orc:2    | Noticed an orc high priest
 14360 | Orc:2    | Killed an orc high priest
 14837 | Orc:2    | Noticed an orc high priest
 14838 | Orc:2    | Found Aschitepp's Armour Emporium.
 14838 | Orc:2    | Found Feet's Antique Armour Boutique.
 14847 | Orc:2    | Killed an orc high priest
 14918 | Orc:2    | Killed an orc high priest
 15101 | Orc:2    | Found Tesykem's Antique Weapon Emporium.
 15101 | Orc:2    | Found Ful Tyu's Antique Weapon Boutique.
 15160 | Orc:1    | Noticed Erolcha
 15161 | Orc:1    | Noticed an orc warlord
 15164 | Orc:2    | Reached skill level 9 in Dodging
 15238 | D:11     | Noticed a death yak
 15262 | D:11     | Killed a death yak
 15347 | D:11     | Noticed a death yak
 15349 | D:11     | Found a staircase to the Lair.
 15362 | D:11     | Noticed a death yak
 15394 | Lair:1   | Entered Level 1 of the Lair of Beasts
 15584 | Lair:1   | Reached skill level 7 in Shields
 15728 | Lair:1   | Received a gift from Trog
 15996 | Lair:1   | Reached skill level 7 in Crossbows
 16103 | Lair:1   | Reached skill level 11 in Fighting
 16103 | Lair:1   | Reached XP level 13. HP: 107/116 MP: 13/13
 16537 | Lair:2   | Found a frozen archway.
 16554 | IceCv    | Entered an ice cave
 17678 | IceCv    | HP: 27/116 [something (11)]
 17688 | IceCv    | HP: 27/116 [ice beast[an ice statue] (7)]
 17693 | IceCv    | HP: 17/116 [ice beast[an ice statue] (14)]
 18863 | IceCv    | Identified the ring "Qastrep" {rElec Str+6 Int+2}
 19645 | Lair:3   | Reached skill level 12 in Long Blades
 19645 | Lair:3   | Reached skill level 8 in Shields
 20427 | Lair:3   | Received a gift from Trog
 20431 | Lair:3   | Reached skill level 10 in Dodging
 20440 | Lair:3   | Reached skill level 8 in Crossbows
 20590 | Lair:3   | Reached skill level 6 in Evocations
 21480 | Lair:4   | Found a staircase to the Shoals.
 21501 | Lair:5   | Noticed Kirke
 21766 | Lair:4   | Found a hole to the Spider Nest.
 21791 | Lair:4   | Gained mutation: You have acidic saliva. [Yellow Draconian
                  | growth]
 21791 | Lair:4   | Reached XP level 14. HP: 125/125 MP: 12/14
 21938 | Lair:4   | Reached skill level 12 in Fighting
 22751 | Lair:4   | Reached skill level 9 in Shields
 22982 | Lair:5   | Found a staircase to the Slime Pits.
 23055 | Lair:5   | Found a viscous altar of Jiyva.
 23655 | Lair:5   | Killed Kirke
 23656 | Lair:5   | Reached skill level 7 in Evocations
 23689 | Lair:6   | Entered Level 6 of the Lair of Beasts
 23932 | Lair:6   | Received a gift from Trog
 24177 | Lair:6   | Reached skill level 9 in Crossbows
 24453 | Lair:6   | Noticed Rupert
 24480 | Lair:6   | Killed Rupert
 24676 | Lair:6   | Reached skill level 13 in Long Blades
 25251 | Lair:6   | HP: 29/127 [poisoned by a swamp dragon (poison gas)]
 25253 | Lair:6   | HP: 11/127 [poisoned by a swamp dragon (poison gas)]
 25704 | Lair:6   | Reached skill level 11 in Dodging
 25767 | Lair:6   | Reached XP level 15. HP: 117/134 MP: 11/15
 25769 | Lair:6   | Reached skill level 8 in Evocations
 25772 | Lair:6   | Reached skill level 10 in Shields
 25818 | Lair:6   | Reached ****** piety under Trog
 25954 | Lair:6   | Received a gift from Trog
 26326 | Spider:1 | Entered Level 1 of the Spider Nest
 26548 | Lair:4   | HP: 31/134 [redback (5)]
 26548 | Lair:4   | HP: 12/134 [entropy weaver (7)]
 27040 | Lair:4   | Found a hole to the Spider Nest.
 27059 | Lair:4   | Reached skill level 13 in Fighting
 27691 | Shoals:1 | Entered Level 1 of the Shoals
 29313 | D:12     | Received a gift from Trog
 29466 | D:12     | Reached skill level 10 in Crossbows
 30035 | D:13     | Reached skill level 9 in Evocations
 30317 | D:13     | You fall into a shaft and drop 2 floors!
 30317 | D:15     | Entered Level 15 of the Dungeon
 30464 | D:14     | Noticed Azrael
 30484 | D:14     | HP: 24/136 [Azrael/damnation (23)]
 30488 | D:14     | Killed Azrael
 30489 | D:14     | HP: 22/204 [burnt (3)]
 31656 | D:14     | Reached skill level 11 in Shields
 31800 | D:14     | Reached XP level 16. HP: 90/145 MP: 12/16
 32045 | D:14     | Found a gate to the Vaults.
 32264 | D:14     | Received a gift from Trog
 32649 | D:15     | Reached skill level 14 in Long Blades
 32864 | D:4      | Bought a potion of curing for 69 gold pieces
 32864 | D:4      | Bought a scroll of blinking for 172 gold pieces
 32864 | D:4      | Bought a scroll of identify for 46 gold pieces
 32864 | D:4      | Bought a scroll of identify for 46 gold pieces
 33021 | Orc:2    | Bought the +2 ratskin cloak {*Rats rPois rN+ Str-1 Int-1
                  | Dex+1} for 361 gold pieces
 33021 | Orc:2    | Found the +2 ratskin cloak {*Rats rPois rN+ Str-1 Int-1
                  | Dex+1}
 33206 | Lair:4   | Reached skill level 12 in Dodging
 33207 | Lair:4   | HP: 35/145 [poisoned by a wolf spider]
 33212 | Lair:4   | HP: 19/145 [poisoned by a wolf spider]
 33217 | Lair:4   | HP: 15/145 [poisoned by a wolf spider]
 33222 | Lair:4   | HP: 17/145 [poisoned by a wolf spider]
 33979 | Spider:1 | Reached skill level 14 in Fighting
 34478 | Spider:2 | Noticed Arachne
 34539 | Spider:1 | Reached skill level 10 in Evocations
 34544 | Spider:1 | HP: 35/146 [ghost moth (4)]
 34549 | Spider:1 | HP: 18/146 [poisoned by a ghost moth]
 34554 | Spider:1 | HP: 13/146 [poisoned by a ghost moth]
 35802 | Spider:2 | Killed Arachne
 35990 | Spider:2 | Identified the +9 lajatang of the Morning {vorpal, rF+}
                  | (Trog gifted it to you on level 2 of the Spider Nest)
 35990 | Spider:2 | Received a gift from Trog
 37382 | Spider:2 | Reached skill level 12 in Shields
 37896 | Spider:3 | HP: 35/147 [poisoned by a wolf spider]
 37901 | Spider:3 | HP: 25/147 [poisoned by a wolf spider]
 37906 | Spider:3 | HP: 27/147 [poisoned by a wolf spider]
 38387 | Spider:3 | Reached XP level 17. HP: 134/154 MP: 0/17
 38409 | Spider:3 | Reached skill level 4 in Stealth
 39097 | Spider:4 | Entered Level 4 of the Spider Nest
 39470 | Spider:4 | Reached skill level 15 in Fighting
 39696 | Spider:3 | Identified the +8 falchion of the Ass {vorpal, rPois} (Trog
                  | gifted it to you on level 3 of the Spider Nest)
 39696 | Spider:3 | Received a gift from Trog
 39879 | Spider:4 | Reached skill level 13 in Dodging
 40180 | Spider:4 | Reached skill level 5 in Stealth
 41165 | Spider:4 | Got a gossamer rune of Zot
 41305 | Spider:4 | HP: 34/156 [redback (10)]
 41836 | Vaults:1 | Entered Level 1 of the Vaults
 41863 | Vaults:1 | Reached skill level 13 in Shields
 42109 | D:14     | Received a gift from Trog
 42246 | D:15     | Found a runed translucent gate.
 42246 | D:15     | Found a runed translucent gate.
 42246 | D:15     | Found a runed translucent gate.
 42247 | D:15     | Noticed Kuralita's ghost (journeyman OpTm)
 42607 | D:15     | Reached skill level 11 in Evocations
 42707 | D:15     | Found Zepyru's General Store.
 42724 | D:15     | Bought 2 potions of curing for 84 gold pieces
 42729 | D:15     | Found an ancient bone altar of Kikubaaqudgha.
 42821 | D:15     | Found a staircase to the Depths.
 43906 | D:15     | Killed Kuralita's ghost
 43998 | D:15     | Identified the +4 long sword of Vyuwkodo {elec, rF+ Int+2}
 44084 | Depths:1 | Entered Level 1 of the Depths
 44594 | Shoals:1 | Noticed Aizul
 44932 | Shoals:1 | HP: 58/237 [water nymph/the raging water (18)]
 44937 | Shoals:1 | HP: 47/237 [poisoned by Aizul (bolt of poison)]
 44942 | Shoals:1 | HP: 41/237 [poisoned by Aizul (bolt of poison)]
 44945 | Shoals:1 | Killed Aizul
 44947 | Shoals:1 | HP: 33/237 [poisoned by Aizul (poison arrow)]
 44949 | Shoals:1 | HP: 1/237 [water nymph/the raging water (30)]
 44950 | Shoals:1 | Succumbed to Aizul's poison arrow

Illustrated notes

Levels and vault maps discovered:
D:1:      lemuel_arrival_funnel, layout_loops_corners, minmay_tree_intersection,
          minmay_misc_feat_encased, chequers_decorated_corner
D:2:      layout_loops_ring, basic_altar, ebering_ecumenical_altar_rust,
          serial_bayou_pond_c, uniq_crazy_yiuf_cottage
D:3:      layout_rooms, slow_altar_2, serial_shops, shop_statue,
          grunt_ministairs_10, minivault_26, minmay_misc_feat_nine_boxes
D:4:      layout_loops_cross, lemuel_tele_altar, mainiacjoe_overflow_24_doors,
          mainiacjoe_overflow_alcove_3, temple_hall, serial_shops,
          nicolae_shop_waterfront, nicolae_shop_crystal, nicolae_shop_stone,
          kennysheep_generic_room_15, uniq_duvessa, uniq_pikel
D:5:      layout_loops_corners
D:6:      layout_rooms, st_stairs_6, grunt_ministairs_10
D:7:      layout_cave_pools, mainiacjoe_overflow_boulevard,
          yredelemnul_forgotten_temple_becter, chequers_serial_rivers_micro_c
D:8:      layout_basic, grunt_temple_overflow_champion_of_chaos,
          general_overflow_altar, mainiacjoe_overflow_cross_hatched,
          kennysheep_mini_moat, ashenzari_altar_1, nicolae_wu_jian_wuxing_cycle,
          serial_shops, shop
D:9:      layout_loops_ring, special_room [special_room_orc], minivault_24,
          wad_floor_pattern_untrapped
D:10:     minmay_chambers_of_sevens, layout_long_grid, serial_park_tiny_2
D:11:     layout_basic, dpeg_lair_monsters, orc_david_3, portal_ice_cave_rime,
          disabler_island
D:12:     layout_long_grid
D:13:     layout_loops_ring
D:14:     layout_stronghold, skrybe_vaults_entry_preservation,
          roderic_st_hans_cross, uniq_azrael
D:15:     grunt_enter_depths_snipers, layout_gridville, serial_shops, shop,
          gammafunk_ghost_spectres, kiku_gazebo_garden_becter
Lair:1:   layout_gridlike, nicolae_quartered_pool_little, lemuel_fruit_tree
Lair:2:   layout_roguey, gauntlet_entry_generic,
          portal_ice_cave_entry_pillars_2, grunt_megastairs_4,
          lemuel_fruit_fields
Lair:3:   nzn_winding_woodlands_three_and_one
          [nzn_winding_woodlands_5x15_jagged, nzn_winding_woodlands_5x15_garden,
          nzn_winding_woodlands_5x15_pathside_ponds,
          nzn_winding_woodlands_center_pierced_h], layout_regular_city,
          chequers_serial_rivers_small_b
Lair:4:   layout_cave_pods, minmay_shoals_entry_centaurs,
          spider_nest_entry_webs, minmay_hedge_maze
Lair:5:   layout_regular_city, slime_altar_1, beast_lair_carwin_11,
          grunt_megastairs_3, uniq_kirke
Lair:6:   guppyfry_lair_end_dragon, layout_cave_shapes,
          hangedman_lair_caniforms_friends, grunt_forest_stairs_basic,
          amcnicky_mini_pool_medium, uniq_rupert
Shoals:1: layout_shoals, uniq_aizul
Spider:1: layout_spider_delve
Spider:2: layout_spider_delve, nicolae_spider_wall_of_niches, uniq_arachne
Spider:3: layout_spider_delve, nicolae_spider_bzzzt
Spider:4: grunt_spider_rune_parallel, drop_trap
Orc:1:    layout_caves, minmay_orc_barracks, uniq_erolcha
Orc:2:    st_orc_town, layout_diamond_mine, uniq_josephine
Vaults:1: nicolae_vaults_network_quincunx
          [nicolae_vaults_network_quincunx_subvault,
          nicolae_vaults_network_quincunx_subvault,
          nicolae_vaults_network_quincunx_subvault,
          nicolae_vaults_network_quincunx_subvault,
          nicolae_vaults_network_quincunx_subvault],
          ontoclasm_vaults_ring_square, v_misc_30, hangedman_vaults_trim,
          st_eye, dpeg_vaults_monster_row, ontoclasm_vaults_idyll,
          grunt_vaults_focal, hangedman_vaults_pinch, v_misc_2,
          nicolae_vaults_little_squares_1, layout_vaults_omnigrid, serial_shops,
          shop, nicolae_diamond_shop
Depths:1: layout_long_grid, minmay_misc_feat_five, hell_entry, abyss_entry,
          grunt_decor_clamped, okawaru_ov_weapons_minmay

Skill      XL: |  1  2  3  4  5  6  7  8  9 10 11 12 13 14 15 16 17 |
---------------+----------------------------------------------------+-----
Dodging        | 3 4 5 6 7 8 9 10 11 12 13 | 13.6
Long Blades    | 4 5 6 8 9 10 11 12 13 14 | 14.6
Fighting       | 4 5 6 7 8 9 11 12 13 14 15 | 15.8
Short Blades   | 1 2 3 4 5 |  5.3
Evocations     | 2 4 5 6 7 9 10 11 | 11.3
Crossbows      | 1 3 5 7 8 9 10 | 10.0
Stealth        | 3 5 |  5.0
Shields        | 3 5 7 8 9 11 12 13 | 13.3

Action                   |  1- 3 |  4- 6 |  7- 9 | 10-12 | 13-15 | 16-18 || total
-------------------------+-------+-------+-------+-------+-------+-------++-------
Melee: Falchion          |    25 |       |       |       |       |       ||    25
       Tailslap          |     8 |    14 |    24 |   143 |   312 |   224 ||   725
       Rapier            |    39 |    65 |   220 |   680 |   668 |       ||  1672
       Demon blade       |       |       |       |       |   424 |   911 ||  1335
       Bite              |       |       |       |       |   172 |   177 ||   349
 Fire: Hand crossbow     |       |       |    37 |   295 |   578 |   420 ||  1330
Invok: Berserk           |     1 |     1 |     4 |     8 |     2 |     1 ||    17
       Trog's Hand       |       |       |       |     3 |     6 |     5 ||    14
 Abil: Breathe Acid      |       |       |       |    18 |    16 |    16 ||    50
Evoke: Wand              |       |       |       |     1 |     5 |     4 ||    10
       Condenser vane    |       |       |       |       |     1 |     1 ||     2
  Use: Scroll            |       |       |     8 |     8 |    12 |    10 ||    38
       Potion            |       |       |       |     2 |     6 |     3 ||    11
 Stab: Sleeping          |     1 |       |       |     3 |     1 |     3 ||     8
       Distracted        |       |       |       |     1 |     1 |       ||     2
       Invisible         |       |       |       |       |       |     1 ||     1
Armor: Skin              |    20 |    24 |    72 |   165 |   335 |   474 ||  1090
Dodge: Dodged            |    39 |    32 |   110 |   389 |   644 |   805 ||  2019
Block: Buckler           |       |       |       |    96 |   298 |   318 ||   712
       Rpst.: Falchion   |     7 |       |       |       |       |       ||     7
       Demon blade       |       |       |       |       |    47 |   106 ||   153
